Map: [ESL] Alcyone

Players

Serral - Winner!

  • Race: Zerg Zerg
  • Spawn Location: 7:00

ByuN

  • Race: Terran Terran
  • Spawn Location: 1:00

Event: IEM Katowice 2024

VOD

Have the link to the VOD?

Description

Time

  • Played on: Feb. 10, 2024, 8:02 a.m.
  • Length: 6:33

All games in this series

Show
View Real Time Build Order
Export as new Build Order

Serral Zerg - Winner!

Build Orders: Hatch First, Zergling Baneling 

Get SALT Encoding   

  12  0:00  Drone  
  13  0:11  Overlord  
  13  0:16  Drone  
  14  0:30  Drone x2  
  16  0:47  Hatchery  
  15  0:50  Drone  
  15  0:54  Drone  
  18  0:57  Drone  
  18  1:08  Extractor  
  17  1:12  Spawning Pool  
  17  1:15  Drone  
  17  1:18  Drone  
  18  1:27  Drone  
  19  1:38  Drone  
  20  1:48  Drone  
  21  1:59  Queen x2  
  21  2:00  Zergling x2  
  21  2:01  Zergling x2  
  27  2:08  Metabolic Boost  
  27  2:11  Drone  
  27  2:12  Overlord  
  28  2:27  Hatchery  
  28  2:29  Drone  
  28  2:31  Drone  
  28  2:33  Drone  
  30  2:38  Drone  
  30  2:43  Queen  
  33  2:48  Overlord  
  33  2:53  Drone  
  33  2:54  Drone  
  33  2:55  Drone  
  36  3:04  Overlord  
  36  3:09  Drone x2  
  36  3:11  Overlord  
  37  3:15  Drone x2  
  40  3:20  Drone  
  40  3:26  Drone  
  41  3:28  Queen  
  41  3:29  Extractor, Queen  
  41  3:34  Drone  
  45  3:36  Drone  
  45  3:39  Baneling Nest  
  45  3:41  Drone x2  
  45  3:44  Zergling x4  
  45  3:47  Overlord  
  49  3:50  Zergling x2  
  49  3:53  Zergling x4  
  49  3:54  Zergling x2  
  53  3:58  Zergling x2  
  53  4:00  Overlord  
  53  4:02  Zergling x2  
  55  4:09  Zergling x2  
  56  4:13  Zergling x2  
  56  4:14  Zergling x6  
  56  4:17  Zergling x8  
  61  4:19  Zergling x2  
  61  4:23  Zergling x4  
  67  4:24  Zergling x2  
  67  4:30  Zergling x4  
  69  4:36  Zergling x2, Overlord  
  70  4:41  Overlord  
  70  4:45  Zergling x2  
  70  4:50  Baneling x7  
  70  4:51  Zergling x6, Baneling  
  74  4:55  Zergling x6  
  74  4:57  Baneling x2  
  74  4:58  Baneling x2  
  74  4:59  Baneling  
  77  5:00  Baneling x2  
  77  5:03  Zergling x2  
  77  5:07  Baneling x2  
  78  5:11  Zergling x8  
  82  5:18  Overlord  
  82  5:21  Zergling x8  
  83  5:31  Zergling x2  
  83  5:32  Zergling x10  
  82  5:36  Zergling x4  
  82  5:41  Zergling x8  
  79  5:46  Zergling x4  
  77  5:54  Zergling x6  
  78  5:58  Baneling x8  
  78  6:01  Baneling x2  
  78  6:02  Baneling x2  
  77  6:07  Zergling x6  
  80  6:12  Zergling x2  
  80  6:13  Baneling x3  
Show
View Real Time Build Order
Export as new Build Order

ByuN Terran 

Build Orders: Command Center First 

Get SALT Encoding   

  12  0:00  SCV  
  13  0:12  SCV  
  14  0:17  Supply Depot  
  14  0:24  SCV  
  15  0:38  SCV  
  16  0:50  SCV  
  17  0:58  Command Center  
  17  1:02  SCV  
  18  1:12  Barracks  
  18  1:15  SCV  
  19  1:20  Refinery  
  19  1:27  SCV  
  20  1:33  Barracks  
  20  1:39  SCV  
  21  1:51  SCV  
  22  2:02  Barracks Reactor  
  22  2:03  Orbital Command  
  22  2:10  Orbital Command  
  22  2:20  Barracks Tech Lab  
  22  2:28  SCV  
  23  2:35  SCV  
  23  2:37  Command Center  
  24  2:39  Marine  
  24  2:41  Marine  
  26  2:45  Marine  
  26  2:49  SCV x2  
  26  2:51  Stimpack  
  29  2:57  Refinery  
  29  2:59  Marine x2  
  29  3:01  SCV x2  
  33  3:08  Marine  
  33  3:10  Supply Depot  
  34  3:13  SCV  
  34  3:14  SCV  
  36  3:20  Marine x2  
  38  3:28  Engineering Bay  
  38  3:30  Refinery  
  38  3:31  SCV x2  
  40  3:34  Engineering Bay  
  40  3:41  Factory  
  40  3:47  SCV x2  
  42  3:48  Orbital Command  
  42  3:50  Marine x2  
  42  3:52  Marine  
  45  3:59  SCV x2  
  45  4:01  Terran Infantry Weapons Level 1  
  47  4:04  Terran Infantry Armor Level 1  
  47  4:09  Marine x2  
  49  4:10  Marine  
  49  4:11  SCV  
  49  4:12  SCV  
  49  4:14  SCV  
  53  4:20  Orbital Command  
  53  4:21  Supply Depot  
  53  4:24  SCV x2  
  55  4:26  SCV  
  55  4:27  Starport  
  55  4:28  Factory Reactor  
  56  4:33  Marine x2  
  56  4:34  Marine, Refinery  
  56  4:36  Combat Shield  
  59  4:39  SCV x2  
  61  4:46  SCV  
  61  4:51  SCV  
  61  4:52  Supply Depot, Marine x3  
  66  4:53  Supply Depot  
  66  4:55  SCV  
  67  5:03  Orbital Command, Armory  
  67  5:04  Barracks, SCV  
  68  5:12  Factory Reactor  
  68  5:14  Medivac x2  
  73  5:18  Barracks  
  73  5:19  SCV x2  
  73  5:20  Barracks  
  74  5:25  Marine x3  
  74  5:26  Factory Tech Lab  
  77  5:32  SCV  
  77  5:35  SCV  
  69  5:41  SCV  
  51  5:44  Orbital Command, SCV, Marine x2  
  51  5:47  SCV  
  51  5:51  Marine  
  51  5:56  SCV  
  50  5:59  SCV  
  50  6:02  Marine x2  
  53  6:08  SCV  
  57  6:11  SCV  
  57  6:12  Starport Reactor  
  57  6:13  Supply Depot  
  57  6:14  Barracks Reactor  
  57  6:15  Barracks Reactor  
  58  6:21  SCV  

Tags
 
Add a new tag
Caveats
  • Supply blocks, unpowered buildings, or Contaminate may cause inaccurate times.
  • Supply counts are checked every 10 seconds.